 Dungeon Crawl Stone Soup version 0.23.2-33-g5129a83184 (webtiles) character file.

Game seed: 12367774483154069295

611 FishyPogo the Poker (level 7, -6/54 HPs)
             Began as a Merfolk Berserker on Aug 3, 2019.
             Was a Priest of Trog.
             Mangled by an ogre
             ... wielding a +0 giant club
              (20 damage)
             ... on level 4 of the Dungeon.
             The game lasted 00:25:18 (3549 turns).

FishyPogo the Poker (Merfolk Berserker)             Turns: 3549, Time: 00:25:23

Health: -6/54      AC:  7    Str: 19    XL:     7   Next: 44%
Magic:  7/7        EV: 14    Int:  6    God:    Trog [***...]
Gold:   176        SH:  5    Dex: 14    Spells: 6/6 levels left

rFire    + . .     SeeInvis .   b - +2 dagger (speed)
rCold    . . .     Gourm    .   (no shield)
rNeg     . . .     Faith    .   x - +1 leather armour {rF+}
rPois    +         Spirit   .   w - +0 helmet
rElec    .         Reflect  +   l - +0 cloak
rCorr    .         Harm     .   m - +0 pair of gloves
MR       .....                  (no boots)
Stlth    ++........             j - +5 amulet of reflection
HPRegen  0.18/turn              f - ring of poison resistance
MPRegen  0.10/turn              (no ring)

@: berserk cooldown, slowed, very slow
A: change form in water, swift swim, stealthy swim
a: Berserk, Trog's Hand, Renounce Religion


You were on level 4 of the Dungeon.
You worshipped Trog.
Trog was most pleased with you.
You were very hungry.

You visited 2 branches of the dungeon, and saw 5 of its levels.
You also visited: Sewer.

You collected 176 gold pieces.

Inventory:

Hand Weapons
 a - a +0 spear
 b - a +2 dagger of speed (weapon)
Missiles
 e - 198 stones (quivered)
Armour
 l - a +0 cloak (worn)
 m - a +0 pair of gloves (worn)
 p - a +0 animal skin
 s - a +1 scale mail of fire resistance
 t - a +0 shield
 w - a +0 helmet (worn)
 x - a +1 leather armour of fire resistance (worn)
Jewellery
 f - a ring of poison resistance (left hand)
 j - a +5 amulet of reflection (around neck)
 u - a +5 ring of protection {unknown}
Scrolls
 d - 2 scrolls of enchant armour
 n - 3 scrolls of identify
 y - a scroll of teleportation
Potions
 g - a potion of degeneration {unknown}
 h - a potion of heal wounds
 i - 2 potions of flight
 k - 2 potions of haste {unknown}
 r - a potion of resistance
 z - a potion of curing {unknown}
 A - a potion of brilliance {unknown}
Comestibles
 c - 12 rations


   Skills:
 + Level 4.3 Fighting
 * Level 3.6 Short Blades
 + Level 6.0 Polearms
 - Level 2.0 Armour
 * Level 5.3 Dodging
 * Level 3.3 Stealth
 * Level 2.6 Shields


You had 6 spell levels left.
You didn't know any spells.
Your spell library was empty.

Dungeon Overview and Level Annotations

Branches:
Dungeon (4/15)             Temple (1/1) D:4

Altars:
Dithmenos
Elyvilon
Gozag
Kikubaaqudgha
Qazlal
Sif Muna
Vehumet
Wu Jian

Annotations:
D:4 Sigmund


Message History

The quokka closely misses you.
As you read the scroll labeled MYLAOS BEAN, it crumbles to dust.
It is a scroll of identify.
r - a potion of resistance The ogre hits you with a +0 giant club!
* * * LOW HITPOINT WARNING * * *
The quokka barely misses you.
As you read the scroll labeled QENEDY GIURYOSAE, it crumbles to dust.
It is a scroll of enchant armour.
Really abort (and waste the scroll)?
Your +0 leather armour of fire resistance glows green for a moment.
You block the quokka's attack. The ogre barely misses you.
The quokka closely misses you. You block the ogre's attack.
As you read the scroll labeled NELUNA ES MAS, it crumbles to dust.
The creatures around you are filled with an inner flame!
It was a scroll of immolation.
The quokka bites you but does no damage.
The quokka misses you.
The ogre hits you with a +0 giant club!!
You die...

..#....................#
....###......#####.#...#
.....w...###..# #.#...#
...≈r......##.####.....#
.≈≈≈≈≈.≈.#..#.##(......#
###≈#≈#≈≈##.#.........##
≈≈≈≈≈≈≈≈≈......(w.[...#
≈########......#Or....#
≈≈≈≈≈≈#≈#......#@.....#
###≈#≈#≈#......#......#
≈≈≈≈#≈#≈#......#......#
≈##≈#≈#≈#......#......#
≈#≈÷#÷#≈#...@.##......#
≈#≈##≈#≈########......#
≈#≈##≈≈≈# #......#
≈#≈.#≈### ########
#######


You could see an ogre (inner flame), a worm (inner flame) and a quokka (inner
flame).

Vanquished Creatures
  Menkaure (D:4)
  A big kobold (Sewer)
  A hound (D:4)
  3 orc priests (D:4)
  Terence (D:2)
  An orc wizard (D:4)
  5 adders
  4 river rats
  5 worms (D:4)
  4 leopard geckos
  11 orcs
  2 ball pythons
  11 bats
  2 giant cockroaches
  6 goblins
  6 hobgoblins
  10 jackals
  3 quokkas (D:3)
  4 frilled lizards
  6 kobolds
  13 rats
100 creatures vanquished.

Vanquished Creatures (others)
  Blork the orc (D:4)
1 creature vanquished.

Grand Total: 101 creatures vanquished

Notes
Turn   | Place    | Note
-------+----------+-------------------------------------------
     0 | D:1      | FishyPogo the Merfolk Berserker began the quest for the
                  | Orb.
     0 | D:1      | Reached XP level 1. HP: 18/18 MP: 1/1
   295 | D:1      | Reached XP level 2. HP: 24/24 MP: 2/2
   549 | D:2      | Reached skill level 5 in Polearms
   623 | D:2      | Reached XP level 3. HP: 25/29 MP: 3/3
   654 | D:2      | Found an opulent altar of Gozag.
   724 | D:2      | Found a shadowy altar of Dithmenos.
   883 | D:2      | Reached ** piety under Trog
   957 | D:2      | Noticed Terence
   981 | D:2      | Killed Terence
   981 | D:2      | Reached skill level 1 in Short Blades
   981 | D:2      | Reached XP level 4. HP: 37/37 MP: 4/4
  1155 | D:2      | Reached skill level 1 in Stealth
  1688 | D:3      | Found a white marble altar of Elyvilon.
  1827 | D:3      | Found an ornate altar of the Wu Jian Council.
  2036 | D:3      | Reached XP level 5. HP: 38/42 MP: 5/5
  2139 | D:3      | Found an ancient bone altar of Kikubaaqudgha.
  2140 | D:3      | Found a radiant altar of Vehumet.
  2141 | D:3      | Found a deep blue altar of Sif Muna.
  2145 | D:3      | Identified Kikubaaqudgha's Reference Book on Evil
  2214 | D:3      | Reached skill level 1 in Shields
  2317 | D:4      | Reached *** piety under Trog
  2371 | D:4      | Noticed Menkaure
  2441 | D:4      | Reached XP level 6. HP: 37/48 MP: 6/6
  2443 | D:4      | Found a glowing drain.
  2464 | Sewer    | Entered a sewer
  2877 | Sewer    | Found a white marble altar of Elyvilon.
  2983 | D:4      | Killed Menkaure
  2983 | D:4      | Reached skill level 5 in Dodging
  2983 | D:4      | Reached XP level 7. HP: 52/54 MP: 7/7
  3007 | D:4      | Found a stormy altar of Qazlal.
  3150 | D:4      | Noticed Blork the orc
  3181 | D:4      | Killed Blork the orc
  3202 | D:4      | Reached skill level 6 in Polearms
  3443 | D:4      | Found a staircase to the Ecumenical Temple.
  3455 | D:4      | Noticed Sigmund
  3457 | Temple   | Entered the Ecumenical Temple
  3549 | D:4      | Mangled by an ogre

Skill      XL: |  1  2  3  4  5  6  7 |
---------------+----------------------+-----
Dodging        | 3 4 5 |  5.3
Polearms       | 5 6 |  6.0
Short Blades   | 1 2 3 |  3.6
Stealth        | 1 2 3 |  3.3
Shields        | 1 2 |  2.6
Fighting       | 4 |  4.3
Armour         | 2 |  2.0

Action                   |  1- 3 |  4- 6 |  7- 9 || total
-------------------------+-------+-------+-------++-------
Melee: Spear             |    99 |       |       ||    99
       Dagger            |    24 |   287 |    70 ||   381
       Tailslap          |       |    13 |       ||    13
Throw: Stone             |    14 |    17 |     3 ||    34
Invok: Berserk           |     2 |     1 |     1 ||     4
  Use: Scroll            |       |     5 |     4 ||     9
       Potion            |       |     1 |     3 ||     4
 Stab: Sleeping          |     2 |     5 |       ||     7
       Distracted        |       |     1 |       ||     1
  Eat: Chunk             |     1 |     8 |     2 ||    11
Armor: Animal skin       |    13 |    11 |       ||    24
       Leather armour    |       |    20 |     6 ||    26
       Skin              |       |    12 |       ||    12
Dodge: Dodged            |    65 |    96 |    26 ||   187
Block: Other             |    10 |    27 |     9 ||    46
